 Dungeon Crawl Stone Soup version 0.29.1-14-g9c671dbff4 (webtiles) character file.

Game seed: 1825387945855360392

73 leafyfresh the Changer (level 4, -4/42 HPs)
             Began as an Octopode Transmuter on Feb 14, 2023.
             Killed from afar by Jessica (5 damage)
             ... with a puff of flame
             ... on level 3 of the Dungeon.
             The game lasted 00:02:52 (2365 turns).

leafyfresh the Changer (Octopode Transmuter)        Turns: 2365, Time: 00:02:53

Health: -4/42      AC: 22    Str:  9    XL:     4   Next: 27%
Magic:  2/7        EV:  2    Int: 17    God:
Gold:   84         SH:  0    Dex: 12    Spells: 1/7 levels left

rFire   . . .      SeeInvis .   b - +0 dagger
rCold   . . .      Faith    .   (no shield)
rNeg    . . .      Spirit   .   (helmet currently unavailable)
rPois   +          Reflect  .   (no amulet)
rElec   .          Harm     .   (no ring)
rCorr   .          Rampage  .   (no ring)
Will    .....      NoTele   +   (no ring)
Stlth   +.........              (no ring)
HPRegen 0.14/turn               (no ring)
MPRegen 0.10/turn               (no ring)
                                (no ring)
                                (no ring)

@: tree-form, very slightly contaminated
A: stationary, stasis, torment immunity, boosted hp, almost no armour,
(amphibious), 8 rings, (camouflage 1), (gelatinous body 1), (nimble swimmer 1),
(tentacles)
a: no special abilities


You were on level 3 of the Dungeon.
You were a tree.
You visited 1 branch of the dungeon, and saw 3 of its levels.

You collected 84 gold pieces.

Inventory:

Hand Weapons
 b - a +0 dagger (weapon)
Scrolls
 c - 2 scrolls of identify {unknown}
 e - a scroll of amnesia {unknown}
 f - a scroll of enchant armour {unknown}
 g - 2 scrolls of teleportation {unknown}
 i - a scroll of noise {unknown}
 j - a scroll of vulnerability {unknown}
Potions
 d - 2 potions of curing {unknown}
 h - a potion of magic {unknown}
 k - a potion of cancellation {unknown}
 l - 2 potions of might {unknown}


   Skills:
 - Level 1.0 Fighting
 - Level 2.0 Dodging
 - Level 3.0 Unarmed Combat
 - Level 2.0 Spellcasting
 + Level 4.4 Transmutations


You had one spell level left.
You knew the following spells:

 Your Spells              Type           Power      Damage    Failure   Level
a - Beastly Appendage     Tmut           32%        N/A       3%          1
b - Spider Form           Tmut/Pois      9%         N/A       24%         3
c - Wereblood             Tmut           16%        N/A       4%          2

Your spell library contained the following spells:

 Spells                   Type           Power      Damage    Failure   Level
 Ice Form                 Ice/Tmut       9%         N/A       61%         4


Dungeon Overview and Level Annotations

Branches:
Dungeon (3/15)

Altars:

Annotations:
D:3 Jessica


Innate Abilities, Weirdness & Mutations

You are a tree.
Your roots penetrate the ground, keeping you stationary.
You cannot be teleported.
You are immune to unholy pain and torment.
Your maximum health is greatly increased.
You cannot wear most types of armour.
((You are amphibious.))
You can wear up to eight rings at the same time.
((Your skin changes colour to match your surroundings (Stealth+).))
((Your rubbery body absorbs attacks. (AC +1, EV +1)))
((You are camouflaged when in or above water. (Stealth+)))
((You have tentacles for arms and can constrict up to eight enemies at once.))


Message History

The adder is moderately wounded.
The adder bites you but does no damage.
Jessica zaps a wand.
The puff of flame hits you.
* * * LOW HITPOINT WARNING * * *
The adder bites you but does no damage.
You closely miss the adder.
The adder is moderately wounded.
Jessica zaps a wand.
The puff of flame hits you.
* * * LOW HITPOINT WARNING * * *
The adder bites you but does no damage. Jessica barely misses you.
You barely miss the adder.
The adder is moderately wounded.
Jessica gestures wildly.
Jessica hits you but does no damage. The adder bites you but does no damage.
You hit the adder.
The adder is heavily wounded.
Jessica hits you but does no damage. The adder bites you but does no damage.
Jessica zaps a wand.
The puff of flame hits you.
* * * LOW HITPOINT WARNING * * *
You hit the adder.
The adder is severely wounded.
The adder completely misses you. Jessica hits you with a +0 club.
* * * LOW HITPOINT WARNING * * *
The adder barely misses you.
You closely miss the adder.
The adder is severely wounded.
Jessica zaps a wand.
The puff of flame hits you but does no damage.
The adder bites you but does no damage. Jessica hits you but does no damage.
You hit the adder but do no damage.
The adder is severely wounded.
The adder bites you but does no damage. Jessica hits you but does no damage.
You miss the adder.
The adder is severely wounded.
Jessica hits you but does no damage.
The adder bites you but does no damage. x2
Jessica hits you but does no damage.
You hit the adder.
You kill the adder!
Jessica zaps a wand.
The puff of flame hits you.
You die...

#. .. #. ## ##.####.# ..
#.......######.#
#.....$.......
.....(.....†# #
..........♣.##.#####.
.......$..@..........
............##.......
............# .......
.....#......# ....... ....
#....÷.##.......
.....##......#.......
#######....................
#.....#....##.####.........


You could see Jessica (fast).

Vanquished Creatures
  4 adders
  A dart slug (D:1)
  3 bats (D:1)
  6 endoplasms
  A giant cockroach (D:1)
  6 hobgoblins
  6 jackals
  2 quokkas
  5 ball pythons
  A frilled lizard (D:2)
  A goblin (D:1)
  5 kobolds
41 creatures vanquished.

Notes
Turn   | Place    | Note
-------+----------+-------------------------------------------
     0 | D:1      | leafyfresh the Octopode Transmuter began the quest for the
                  | Orb.
     0 | D:1      | Reached XP level 1. HP: 13/13 MP: 3/3
   112 | D:1      | Reached XP level 2. HP: 15/18 MP: 5/5
   267 | D:1      | Reached skill level 3 in Transmutations
   826 | D:2      | Reached XP level 3. HP: 16/23 MP: 3/6
   830 | D:2      | Learned a level 3 spell: Spider Form
   943 | D:2      | Learned a level 2 spell: Wereblood
  1378 | D:2      | Reached skill level 4 in Transmutations
  1923 | D:3      | Found a faded altar of an unknown god.
  2036 | D:3      | Reached XP level 4. HP: 22/28 MP: 7/7
  2347 | D:3      | Noticed Jessica
  2361 | D:3      | HP: 1/42 [Jessica/+0 club (2)]
  2365 | D:3      | Killed from afar by Jessica

Illustrated notes

Levels and vault maps discovered:
D:1:      dpeg_arrival_round_a, layout_rooms
D:2:      layout_rooms, chequers_serial_rivers_micro_d,
          minmay_misc_feat_diagonals, kennysheep_flooded_box
D:3:      layout_basic, ebering_ecumenical_altar_webs, serial_shops,
          nicolae_shop_stone, uniq_natasha, uniq_grinder, uniq_jessica,
          uniq_sigmund

Skill      XL: |  1  2  3 |
---------------+----------+-----
Transmutations | 3 4 |  4.4
Fighting       | |  1.0
Dodging        | |  2.0
Unarmed Combat | |  3.0
Spellcasting   | |  2.0

Action                   |  1- 3 |  4- 6 || total
-------------------------+-------+-------++-------
Melee: Unarmed           |    28 |     8 ||    36
       Dagger            |    64 |    11 ||    75
       Constrict         |    20 |       ||    20
       Tentacles         |     8 |       ||     8
       Punch             |     3 |       ||     3
 Cast: Beastly Appendage |     2 |       ||     2
       Spider Form       |     2 |     1 ||     3
  Use: Potion            |       |     1 ||     1
 Stab: Sleeping          |     6 |       ||     6
Armor: Skin              |     7 |    19 ||    26
Dodge: Dodged            |    77 |    18 ||    95
